 Dungeon Crawl Stone Soup version 0.31-a0-214-gb37851dbb3 (webtiles) character file.

Game seed: 2259915824781547557

744 qw the Shooter (level 7, -2/47 HPs)
             Began as a Gargoyle Hexslinger on July 1, 2023.
             Was an Initiate of Okawaru.
             Slain by a gnoll sergeant
             ... wielding a +4 vampiric spear
              (3 damage)
             ... on level 5 of the Dungeon.
             The game lasted 00:01:24 (3269 turns).

qw the Shooter (Gargoyle Hexslinger)                Turns: 3269, Time: 00:01:25

Health: -2/47      AC: 10    Str: 11    XL:     7   Next: 76%
Magic:  8/8        EV: 10    Int: 14    God:    Okawaru [......]
Gold:   272        SH:  0    Dex: 14    Spells: 7/8 levels left

rFire   + + .        Y - +3 sling (drain)
rCold   . . .        (no shield)
rNeg    + . .        g - +0 ring mail
rPois   inf          (no helmet)
rElec   +            (no cloak)
rCorr   .            (no gloves)
SInv    .            (no boots)
Will    .....        m - amulet of the acrobat
Stlth   +            n - ring of protection from fire
HPRegen 0.00/turn    (no ring)
MPRegen 0.11/turn

%: acrobat, clarity
@: inhibited regen
A: sickness immunity, AC +4, negative energy resistance 1, electricity
resistance, torment resistance 1, petrification resistance, clarity, fire
resistance 1, robust 1, inhibited regeneration
a: Renounce Religion


You were on level 5 of the Dungeon.
You worshipped Okawaru.
Okawaru was noncommittal.
You visited 2 branches of the dungeon, and saw 6 of its levels.

You collected 272 gold pieces.


Innate Abilities, Weirdness & Mutations

You are immune to sickness and miasma.
Your stone body is resilient. (AC +4)
You are immune to poison.
You resist negative energy. (rN+)
You are resistant to electric shocks. (rElec)
You are resistant to unholy torment.
You are immune to petrification.
You possess an exceptional clarity of mind.
Your flesh is heat resistant. (rF+)
You are robust. (+10% HP)
You do not regenerate when monsters are visible.


   Skills:
 - Level 4.2 Fighting
 + Level 7.4 Ranged Weapons
 - Level 1.5 Armour
 - Level 1.5 Dodging
 - Level 1.0 Spellcasting
 - Level 2.6 Hexes


You had 7 spell levels left.
You knew the following spells:

 Your Spells              Type           Power      Damage    Failure   Level
a - Slow                  Hex            32%        N/A       21%         1

Your spell library contained the following spells:

 Spells                   Type           Power      Damage    Failure   Level
 Inner Flame              Hex/Fire       4%         N/A       71%         3
 Portal Projectile        Hex/Tloc       8%         N/A       71%         3
 Cause Fear               Hex            4%         N/A       90%         4

Inventory:

Hand Weapons
 Y - a +3 sling of draining (weapon)
Armour
 g - a +0 ring mail (worn)
Jewellery
 m - an amulet of the acrobat (around neck)
 n - a ring of protection from fire (left hand)
Scrolls
 e - a scroll of identify
Potions
 c - a potion of enlightenment {unknown}
 d - a potion of might {unknown}
 h - a potion of brilliance {unknown}
 i - a potion of attraction {unknown}
 k - 3 potions of curing
 l - a potion of ambrosia {unknown}

Dungeon Overview and Level Annotations

Branches:
Dungeon (5/15)             Temple (1/1) D:5

Altars:
Ashenzari
Cheibriados
Dithmenos
Fedhas
Gozag
Hepliaklqana
Kikubaaqudgha
Makhleb
Nemelex Xobeh
Okawaru
Ru
Sif Muna
Trog
Vehumet
Wu Jian
Xom
Zin
The Shining One


Message History

The sling bullet hits the gnoll but does no damage.
You drain the gnoll.
The gnoll is moderately wounded.
The gnoll closely misses you. The gnoll barely misses you.
The gnoll closely misses you.
You shoot a sling bullet.
The sling bullet closely misses the gnoll. x2
The gnoll hits you from afar with a +0 halberd. x2
The gnoll sergeant hits you from afar with a +4 vampiric spear!
You shoot a sling bullet.
The sling bullet barely misses the gnoll.
The gnoll hits you from afar with a +0 halberd.
The gnoll barely misses you.
The gnoll sergeant hits you from afar with a +4 vampiric spear.
The gnoll barely misses you.
The gnoll sergeant hits you from afar with a +4 vampiric spear.
The gnoll closely misses you. The gnoll hits you but does no damage.
The gnoll closely misses you.
You shoot a sling bullet. The sling bullet hits the gnoll.
The gnoll is heavily wounded.
The gnoll barely misses you. The gnoll closely misses you.
The gnoll sergeant hits you from afar with a +4 vampiric spear!
The gnoll hits you but does no damage.
You shoot a sling bullet. The sling bullet hits the gnoll.
The gnoll is almost dead.
The gnoll closely misses you.
The gnoll hits you from afar with a +0 halberd.
The gnoll sergeant hits you from afar with a +4 vampiric spear.
The gnoll barely misses you.
You shoot a sling bullet. The sling bullet hits the gnoll!
You kill the gnoll!
Okawaru accepts your kill. The gnoll hits you but does no damage.
The gnoll sergeant hits you but does no damage.
The gnoll barely misses you.
You shoot a sling bullet.
The sling bullet closely misses the gnoll sergeant.
The gnoll closely misses you.
The gnoll sergeant hits you from afar with a +4 vampiric spear.
You die...

.....## ##......#
#.....# ##.....## ....
#....####...#..# ....
#........##### .....
##...#...# .....
#####...#...## .)....
.......###...#####g.....
..............##).g.....
.)...#.....#....@%g.....
...###..>..###..###.....
.....#.....#...## ...
................ .
.......###....)..
..>.....#.........
....##..#.......... ...#
##............# #.#
.....


You could see a gnoll sergeant and 2 gnolls.

Vanquished Creatures
  A black bear (D:4)
  2 scorpions
  2 howler monkeys
  A crimson imp (D:3)
  3 orc priests
  An iguana (D:5)
  A sleepcap (D:3)
  An orc wizard (D:3)
  Natasha (thrice) (D:2)
  5 gnolls (D:5)
  3 adders
  2 white imps (D:4)
  3 worms
  A dart slug (D:1)
  9 orcs
  7 bats
  6 endoplasms
  3 giant cockroaches
  11 hobgoblins
  6 jackals (D:2)
  4 kobolds
  2 quokkas
  8 ball pythons
  5 frilled lizards
  5 goblins
  5 rats
100 creatures vanquished.

Notes
Turn   | Place    | Note
-------+----------+-------------------------------------------
     0 | D:1      | qw the Gargoyle Hexslinger began the quest for the Orb.
     0 | D:1      | Reached XP level 1. HP: 12/12 MP: 2/2
     0 | D:1      | 0 ||| qw: Version: 0.3-a-32-g5962c71
     0 | D:1      | 0 ||| qw: Game counter: 7566
     0 | D:1      | 0 ||| qw: Melee chars always use a shield: true
     0 | D:1      | 0 ||| qw: God list: Okawaru
     0 | D:1      | 0 ||| qw: Allow faded altars: false
     0 | D:1      | 0 ||| qw: Do Orc after clearing Dungeon:15 true
     0 | D:1      | 0 ||| qw: Do second Lair branch before Depths: true
     0 | D:1      | 0 ||| qw: Lair rune preference: random
     0 | D:1      | 0 ||| qw: Goals: Normal
     0 | D:1      | 0 ||| PLANNING D:1-11
    83 | D:1      | Reached XP level 2. HP: 16/16 MP: 3/3
   271 | D:1      | Reached skill level 3 in Ranged Weapons
   464 | D:1      | Reached XP level 3. HP: 21/21 MP: 4/4
   604 | D:1      | 604 ||| UPGRADING to +0 ring mail.
   614 | D:1      | 614 ||| DROPPING +0 robe.
   615 | D:1      | 615 ||| UPGRADING to amulet of the acrobat.
   620 | D:1      | 620 ||| READING scroll labelled JUUBAFUWOO.
   621 | D:1      | 621 ||| READING 2 scrolls labelled RAITOA NEFOLLY.
   622 | D:1      | 622 ||| READING scroll labelled TIUGIA KOUFOLO.
   623 | D:1      | 623 ||| READING scroll labelled GAL OKHLOOZ CUTE.
   627 | D:1      | 627 ||| READING scroll labelled ONAAPA NUXZID.
   628 | D:1      | 628 ||| DRINKING 2 ruby potions.
   629 | D:1      | 629 ||| DROPPING scroll of poison.
   751 | D:2      | Noticed Natasha
   754 | D:2      | Killed Natasha
   755 | D:2      | Reached skill level 4 in Ranged Weapons
   755 | D:2      | Reached XP level 4. HP: 26/26 MP: 5/5
   756 | D:2      | Noticed Natasha
   764 | D:2      | Killed Natasha
   765 | D:2      | Reached skill level 1 in Armour
  1039 | D:2      | Found a faded altar of an unknown god.
  1144 | D:2      | Noticed Natasha
  1150 | D:2      | Killed Natasha
  1151 | D:2      | Reached XP level 5. HP: 23/30 MP: 6/6
  1396 | D:2      | 1396 ||| UPGRADING to ring of protection from fire.
  1397 | D:2      | 1397 ||| READING scroll labelled GIULOFURPHU.
  1398 | D:2      | 1398 ||| READING scroll labelled REHOAFRUTH.
  1399 | D:2      | 1399 ||| READING scroll labelled BOHORPH SAQULLU.
  1400 | D:2      | 1400 ||| DRINKING 2 bubbling amethyst potions.
  1400 | D:2      | Gained mutation: You do not regenerate when monsters are
                  | visible. [potion of mutation]
  1400 | D:2      | Gained mutation: You are dopey. (Int -2) [potion of
                  | mutation]
  1400 | D:2      | Gained mutation: Your flesh is heat resistant. (rF+)
                  | [potion of mutation]
  1400 | D:2      | Gained mutation: You passively dampen the noise of your
                  | surroundings. [potion of mutation]
  1401 | D:2      | 1401 ||| DRINKING potion of mutation.
  1401 | D:2      | Lost mutation: You are dopey. (Int -2) [potion of mutation]
  1401 | D:2      | Lost mutation: You passively dampen the noise of your
                  | surroundings. [potion of mutation]
  1401 | D:2      | Gained mutation: You possess an exceptional clarity of
                  | mind. [potion of mutation]
  1401 | D:2      | Gained mutation: You are robust. (+10% HP) [potion of
                  | mutation]
  1457 | D:3      | Found the +8 autumn katana {manifold assault}
  1625 | D:3      | Found a shimmering altar of Xom.
  1625 | D:3      | Found a burning altar of Makhleb.
  1629 | D:3      | Reached skill level 5 in Ranged Weapons
  1768 | D:3      | Reached skill level 3 in Fighting
  1768 | D:3      | Reached XP level 6. HP: 33/40 MP: 7/7
  1832 | D:3      | 1832 ||| READING scroll of enchant weapon.
  1832 | D:3      | 1832 ||| ENCHANTING +2 sling of draining.
  2294 | D:3      | 2294 ||| DROPPING amulet of guardian spirit.
  2295 | D:3      | 2295 ||| READING scroll labelled MEIFEFF FUHAUNK.
  2296 | D:3      | 2296 ||| READING 2 scrolls of identify.
  2296 | D:3      | 2296 ||| IDENTIFYING fizzy golden potion
  2297 | D:3      | 2297 ||| DROPPING potion of berserk rage.
  2313 | D:4      | 2313 ||| STAIRDANCE
  2320 | D:3      | Reached skill level 6 in Ranged Weapons
  2411 | D:4      | Reached XP level 7. HP: 28/46 MP: 8/8
  2624 | D:4      | HP: 11/47 [black bear (5)]
  2625 | D:4      | 2625 ||| READING scroll of teleportation.
  2628 | D:4      | HP: 3/47 [black bear (3)]
  2791 | D:4      | Found a glowing silver altar of Zin.
  3046 | D:4      | 3046 ||| READING scroll labelled LOQEOKE MAAFF.
  3047 | D:4      | 3047 ||| READING scroll labelled WEOTIA ZOEPS.
  3074 | D:5      | Entered Level 5 of the Dungeon
  3096 | D:5      | Reached skill level 7 in Ranged Weapons
  3113 | D:5      | Found a staircase to the Ecumenical Temple.
  3114 | D:5      | 3114 ||| PLANNING TEMPLE
  3122 | Temple   | Entered the Ecumenical Temple
  3135 | Temple   | 3135 ||| PLANNING OKAWARU WORSHIP
  3179 | Temple   | Became a worshipper of Warmaster Okawaru
  3180 | Temple   | 3180 ||| PLANNING D:1-11
  3266 | D:5      | HP: 10/47 [gnoll sergeant/+4 vampiric spear (11)]
  3267 | D:5      | HP: 1/47 [gnoll sergeant/+4 vampiric spear (4)]
  3269 | D:5      | Slain by a gnoll sergeant

Levels and vault maps discovered:
D:1:      roderic_octagonal_star, layout_loops_ring
D:2:      layout_basic, shapermc_ecumenical_altar_gd, uniq_natasha
D:3:      layout_basic, grunt_temple_overflow_champion_of_chaos
D:4:      layout_rooms, mainiacjoe_overflow_chevrons, minmay_unequal
D:5:      layout_cave_pods, kennysheep_mini, kennysheep_mini_moat,
          minmay_temple_entry_tees
Temple:   eino_wide_crystal_templ

Skill      XL: |  1  2  3  4  5  6  7 |
---------------+----------------------+-----
Ranged Weapons | 3 4 5 6 7 |  7.4
Fighting       | 2 3 4 |  4.2
Armour         | 1 |  1.5
Dodging        | |  1.5
Spellcasting   | |  1.0
Hexes          | |  2.6

Action                     |  1- 3 |  4- 6 |  7- 9 || total
---------------------------+-------+-------+-------++-------
   Fire: Sling             |    87 |   124 |   106 ||   317
    Use: Scroll            |     5 |     6 |     3 ||    14
         Potion            |     1 |     2 |       ||     3
 Armour: Robe              |     5 |       |       ||     5
         Ring mail         |    24 |    32 |    52 ||   108
  Dodge: Dodged            |    42 |    32 |    59 ||   133

Table legend:
 A = Non-vault XP
 B = Vault XP
 C = Vault XP percentage of total XP
 D = Non-vault monster count
 E = Vault monster count
 F = Vault count percentage of total count
                 A         B        C        D         E       F
            +---------+---------+-------+---------+---------+-------
      Total |     974 |      89 |   8.4 |      94 |       6 |   6.0
            +---------+---------+-------+---------+---------+-------
        D:1 |      37 |       0 |   0.0 |      24 |       0 |   0.0
        D:2 |     115 |      32 |  21.8 |      20 |       1 |   4.8
        D:3 |     288 |      50 |  14.8 |      22 |       1 |   4.3
        D:4 |     366 |       7 |   1.9 |      20 |       4 |  16.7
        D:5 |     168 |       0 |   0.0 |       8 |       0 |   0.0
            +---------+---------+-------+---------+---------+-------
